 Dungeon Crawl Stone Soup version 0.27.1-1-g398f81649c (console) character file.

Game seed: 12616282330372626553

1 om the Vexing (level 1, 0/13 HPs)
             Began as a Vampire Enchanter on Sept 8, 2021.
             Slain by a jackal (1 damage)
             ... on level 1 of the Dungeon.
             The game lasted 00:00:35 (55 turns).

om the Vexing (Vampire Enchanter)                     Turns: 55, Time: 00:00:36

Health: 0/13       AC:  2    Str:  7    XL:     1   Next: 16%
Magic:  3/3        EV:  9    Int: 17    God:
Gold:   0          SH:  0    Dex: 14    Spells: 3/4 levels left

rFire    . . .     SeeInvis +   a - +1 dagger
rCold    . . .     Faith    .   (no shield)
rNeg     . . .     Spirit   .   b - +0 robe
rPois    .         Reflect  .   (no helmet)
rElec    .         Harm     .   (no cloak)
rCorr    .         Rampage  .   (no gloves)
Will     .....                  (no boots)
Stlth    +++.......             (no amulet)
HPRegen  0.24/turn              (no ring)
MPRegen  0.08/turn              (no ring)

@: healing quickly, constricted
A: alive, fangs 3, see invisible, vampiric 1
a: Exsanguinate


You were on level 1 of the Dungeon.
You visited 1 branch of the dungeon, and saw 1 of its levels.

Inventory:

Hand Weapons
 a - a +1 dagger (weapon)
Armour
 b - a +0 robe (worn)


   Skills:
 * Level 1.2 Short Blades
 + Level 2.2 Dodging
 - Level 4.4 Stealth
 + Level 2.0 Spellcasting
 - Level 4.4 Hexes


You had 3 spell levels left.
You knew the following spells:

 Your Spells              Type           Power      Damage    Failure   Level
a - Corona                Hex            17%        N/A       3%          1

Your spell library contained the following spells:

 Spells                   Type           Power      Damage    Failure   Level
 Confusing Touch          Hex            16%        N/A       10%         3
 Tukima's Dance           Hex            16%        N/A       10%         3
 Ensorcelled Hibernation  Hex/Ice        18%        N/A       12%         2
 Dazzling Flash           Conj/Hex       18%        N/A       24%         3


Dungeon Overview and Level Annotations

Branches:
Dungeon (1/15)

Altars:


Innate Abilities, Weirdness & Mutations

Your natural rate of healing is accelerated.
You have razor-sharp teeth.
You have supernaturally acute eyesight. (SInv)
You are afflicted with vampirism.


Message History

The jackal is severely wounded.
The jackal bites you.
You barely miss the jackal.
The jackal is severely wounded.
The jackal bites you. x2
You hit the jackal. You bite the jackal.
You kill the jackal!
The bat misses you. The bat closely misses you. The bat barely misses you.
You barely miss the bat. The bat hits you.
* * * LOW HITPOINT WARNING * * *
The bat hits you.
* * * LOW HITPOINT WARNING * * *
The bat completely misses you. The bat hits you.
* * * LOW HITPOINT WARNING * * *
The jackal barks!
You hit the bat but do no damage. The bat hits you but does no damage. x2
The bat hits you but does no damage. The bat closely misses you.
The jackal bites you.
* * * LOW HITPOINT WARNING * * *
The bat barely misses you.
The ball python bites you but does no damage.
The ball python closely misses you. The bat hits you but does no damage.
The bat barely misses you. The ball python bites you.
* * * LOW HITPOINT WARNING * * *
The ball python barely misses you.
Okay, then.
The jackal closely misses you. The ball python closely misses you.
The ball python misses you.
You hit the jackal but do no damage. The ball python bites you.
* * * LOW HITPOINT WARNING * * *
The ball python grabs you. The ball python constricts you.
You barely miss the jackal. The jackal bites you.
* * * LOW HITPOINT WARNING * * *
The ball python closely misses you. The ball python constricts you.
Unknown command.
The jackal bites you.
You die...

# ##.... #.####......
...#.h......# #........#..#
##.....#...# #...###.###
##... #.# ......##.####
............#
...........K###
..........bhh@#########
...........h#S........#####
............#.............#
.............##.........###
.............#8.........8#
.............#...8...8...#
............#8.........8#
##########.##.........##
#######8<8#### #####


You could see 3 jackals, a bat, a ball python and a kobold.

Vanquished Creatures
  A jackal (D:1)
1 creature vanquished.

Notes
Turn   | Place    | Note
-------+----------+-------------------------------------------
     0 | D:1      | om the Vampire Enchanter began the quest for the Orb.
     0 | D:1      | Reached XP level 1. HP: 13/13 MP: 3/3
    55 | D:1      | Slain by a jackal

Illustrated notes

Levels and vault maps discovered:
D:1:      mrwooster_arrival_statue_2, layout_rooms,
          chequers_ecumenical_altar_lobes, chequers_serial_rivers_room_a,
          minmay_misc_feat_hallway

Action                   || total
-------------------------++-------
Melee: Dagger            ||    12
       Bite              ||     1
 Cast: Corona            ||     1
Armor: Robe              ||     8
Dodge: Dodged            ||    22
